 Dungeon Crawl Stone Soup version 0.15.0-18-g9076a4f (webtiles) character file.

11760 Kashira the Transmogrifier (level 11, -2/96 HPs)
             Began as a Naga Transmuter on Sept 7, 2014.
             Slain by an orange rat (3 damage)
             ... on Level 11 of the Dungeon.
             The game lasted 01:06:38 (13871 turns).

Kashira the Transmogrifier (Naga Transmuter)       Turns: 13871, Time: 01:06:38

HP  -2/96        AC  8     Str 12      XL: 11   Next: 82%
MP  24/27        EV 18     Int 17      God:
Gold 619         SH  0     Dex 12      Spells:  3 memorised, 16 levels left

rFire  . . .     SeeInvis +       - Unarmed
rCold  . . .     Clarity  .     q - +0 robe {MR+}
rNeg   + . .     rCorr    .     (shield currently unavailable)
rPois  +         rRot     .     F - +0 helmet
rElec  .         Spirit   .     x - +1 cloak
SustAb .         Warding  +     (gloves currently unavailable)
rMut   .         Stasis   .     (no barding)
Gourm  .                        A - amulet of warding
MR     ++...                    w - +6 ring of evasion
                                h - ring of wizardry

@: blade hands, drained, very slow, very resistant to hostile enchantments, very
unstealthy
A: spit poison, see invisible, deformed body, poison resistance, slowness 2, AC
+3
a: Spit Poison, End Transformation


You were on level 11 of the Dungeon.
You were hungry.
Your hands were blades.
You visited 1 branch of the dungeon, and saw 11 of its levels.
You also visited: Ossuary.

You collected 619 gold pieces.

Inventory:

Missiles
 b - 108 arrows
Armour
 q - a +0 robe of magic resistance (worn)
 x - a +1 cloak (worn)
 F - a +0 helmet (worn)
Magical devices
 l - a wand of slowing (6) {unknown}
 o - a wand of hasting (8) {unknown}
 y - a wand of fire (3) {unknown}
 D - a wand of digging (7)
 E - a wand of frost (11)
 H - a wand of digging (10)
 M - a wand of cold (7) {unknown}
 N - a wand of confusion (4)
 X - a wand of enslavement (11) {unknown}
Comestibles
 a - 8 bread rations
 j - 4 meat rations
 p - a royal jelly
 u - 2 chunks of yak flesh
Scrolls
 c - a scroll of fog {unknown}
 g - 3 scrolls of fear
 i - 7 scrolls of teleportation
 m - 4 scrolls of amnesia
 n - 4 scrolls of recharging
 r - 2 scrolls of blinking
 Q - 2 scrolls of enchant weapon
 U - a scroll of remove curse
Jewellery
 e - an uncursed ring of protection from fire
 f - a +2 ring of evasion
 h - a ring of wizardry (left scythe-like blade)
 t - a cursed ring of ice
 w - a +6 ring of evasion (right scythe-like blade)
 A - an amulet of warding (around neck)
 C - a cursed amulet of the gourmand {unknown}
 L - a cursed amulet of faith {unknown}
Potions
 k - a potion of brilliance
 s - a potion of invisibility
 v - 2 potions of magic
 z - a potion of restore abilities
 B - 8 potions of curing {unknown}
 G - 2 potions of flight
 I - a potion of berserk rage {unknown}
 J - a potion of agility
 K - a potion of resistance {unknown}
 P - a potion of mutation {unknown}
 S - a potion of haste {unknown}
 T - a potion of poison
 Z - a potion of confusion {unknown}
Books
 d - a book of Changes

   Spells                             Type                      Level
   *Beastly Appendage                 Transmutation                1
   Sticks to Snakes                   Transmutation                2
   *Spider Form                       Transmutation/Poison         3
   Ice Form                           Ice/Transmutation            4
   *Blade Hands                       Transmutation                5
 O - a book of Enchantments

   Spells                             Type                      Level
   Tukima's Dance                     Hexes                        3
   Cause Fear                         Hexes                        4
   Silence                            Hexes/Air                    5
   Deflect Missiles                   Charms/Air                   6
   Haste                              Charms                       6
   Discord                            Hexes                        8


   Skills:
 + Level 5.5(5.3) Fighting
 * Level 6.2(6.0) Armour
 + Level 6.4(6.2) Dodging
 + Level 7.8(7.6) Unarmed Combat
 + Level 7.6(7.4) Spellcasting
 + Level 9.5(9.3) Transmutations
 - Level 1.0(0.8) Poison Magic


You had 16 spell levels left.
You knew the following spells:

 Your Spells              Type           Power        Failure   Level  Hunger
a - Beastly Appendage     Trmt           #####.       4%          1    None
b - Spider Form           Trmt/Pois      ###.......   16%         3    ##.....
c - Blade Hands           Trmt           #####.....   21%         5    #####..


Dungeon Overview and Level Annotations

Branches:
Dungeon (11/15)            Temple (0/1) D:5
    Orc: D:9-12        Lair: D:8-11

Altars:
Ashenzari
Cheibriados
Dithmenos
Kikubaaqudgha
Nemelex Xobeh
Okawaru
Sif Muna
Trog
Yredelemnul

Shops:
D:8 %

Annotations:
D:3 MDvedh's ghost, weakling GrSu; Sigmund


Innate Abilities, Weirdness & Mutations

You cannot wear boots.
You can spit poison.
Your serpentine skin is tough (AC +3).
You have supernaturally acute eyesight.
Armour fits poorly on your strangely shaped body.
Your system is resistant to poisons.
You cover ground very slowly.


Message History

The hobgoblin closely misses you.
A green rat comes into view.
You slash the cyan ugly thing!
The cyan ugly thing is heavily wounded.
The cyan ugly thing completely misses you.
The hobgoblin barely misses you.
A rat comes into view.
You slash the cyan ugly thing!
The cyan ugly thing is severely wounded.
The cyan ugly thing tentacle-slaps you! The cyan ugly thing shocks you!
You hit the cyan ugly thing but do no damage.
The cyan ugly thing is severely wounded.
The hobgoblin hits you but does no damage.
The orange rat misses you. The cyan ugly thing tentacle-slaps you!
The cyan ugly thing shocks you!
* * * LOW HITPOINT WARNING * * *
The orange rat bites you!
* * * LOW HITPOINT WARNING * * *
You partially resist.
You feel drained.
You die...

## ## #.####.
###..##.#........
..).rr.r@u.......
......##[g#####..
##. #.## #.# #.#
..# ..# ..# ..#


You could see a cyan ugly thing, an orange rat, a green rat, a hobgoblin and a
rat.

Vanquished Creatures
  The ghost of cribozai the Fighter, an experienced HuFi of the Shining One (D:8)
  A hill giant (D:10)
  An unseen horror (D:10)
  Erolcha (D:9)
  Pikel (D:8)
  An ugly thing (D:11)
  A cyclops (D:11)
  A troll (D:10)
  A two-headed ogre (D:8)
  A wyvern (D:9)
  9 yaks
  Eustachio (D:7)
  4 hippogriffs
  A deep elf mage (D:8)
  A hungry ghost (D:7)
  A porcupine (D:10)
  A water moccasin (D:8)
  A black bear (D:10)
  2 gnoll sergeants (D:8)
  4 ice beasts
  9 centaurs
  3 ogres
  2 orc warriors
  2 necrophages (D:7)
  A slave (D:8)
  3 phantoms
  Duvessa (D:9)
  A big kobold (D:9)
  Blork the orc (D:9)
  5 giant frogs
  A wyvern zombie (D:10)
  2 scorpions
  3 vampire bats (D:7)
  3 quasits
  7 wights
  4 goliath beetles
  Dowan (D:9)
  4 crimson imps
  A giant frog zombie (D:8)
  4 hounds
  5 iguanas
  A soldier ant zombie (D:8)
  5 jellies
  7 orc priests
  A gnoll shaman (D:8)
  8 orc wizards
  11 worker ants
  12 mummies (Ossuary)
  3 green rats (D:2)
  7 adders
  11 gnolls
  2 giant mites
  2 shadow imps
  An inept item mimic (D:7)
  A worm (D:6)
  2 orc zombies
  An iguana skeleton (D:5)
  3 orc skeletons
  8 giant geckos
  3 oozes
  23 orcs
  19 bats
  6 bat skeletons
  A bat zombie (D:7)
  3 giant cockroaches
  11 hobgoblins
  15 kobolds
  3 giant newts
  4 gnoll skeletons (Ossuary)
  16 goblins
  A goblin skeleton (Ossuary)
  3 jackals (D:1)
  2 kobold skeletons
  2 quokkas
  16 rats
  11 rat skeletons (Ossuary)
  A rat zombie (D:5)
  A spectral orc (D:5)
325 creatures vanquished.

Vanquished Creatures (others)
  3 slaves (D:8)
  2 gnolls (D:8)
  A bat (D:8)
  A kobold skeleton (Ossuary)
7 creatures vanquished.

Grand Total: 332 creatures vanquished

Notes
Turn   | Place    | Note
--------------------------------------------------------------
     0 | D:1      | Kashira, the Naga Transmuter, began the quest for the Orb.
     0 | D:1      | Reached XP level 1. HP: 18/18 MP: 3/3
   463 | D:1      | Reached XP level 2. HP: 23/25 MP: 2/4
  1218 | D:1      | Reached XP level 3. HP: 19/31 MP: 4/6
  1237 | D:1      | Learned a level 3 spell: Spider Form
  1998 | D:2      | Reached skill level 1 in Poison Magic
  1998 | D:2      | Reached XP level 4. HP: 38/38 MP: 3/7
  2201 | D:2      | Reached skill level 4 in Transmutations
  2292 | D:2      | Found an iron altar of Okawaru.
  2502 | D:3      | Noticed Sigmund
  2901 | D:3      | Noticed MDvedh's ghost (weakling GrSu)
  3065 | D:4      | Reached XP level 5. HP: 30/44 MP: 5/9
  3330 | D:4      | Learned a level 5 spell: Blade Hands
  3331 | D:4      | Noticed an ogre
  3366 | D:4      | Killed an ogre
  3366 | D:4      | Reached skill level 5 in Transmutations
  3366 | D:4      | Reached XP level 6. HP: 42/51 MP: 3/11
  3635 | D:4      | Reached skill level 6 in Transmutations
  4000 | D:4      | Found a shattered altar of Ashenzari.
  4231 | D:4      | Reached XP level 7. HP: 57/57 MP: 11/15
  4447 | D:5      | Entered Level 5 of the Dungeon
  4886 | D:5      | Found a deep blue altar of Sif Muna.
  5078 | D:5      | Found a snail-covered altar of Cheibriados.
  5089 | D:5      | Reached skill level 1 in Armour
  5108 | D:5      | Found a staircase to the Ecumenical Temple.
  5268 | D:5      | Reached skill level 7 in Transmutations
  5268 | D:5      | Reached XP level 8. HP: 30/64 MP: 12/18
  5506 | D:5      | Found a shadowy altar of Dithmenos.
  5901 | D:5      | Found a basalt altar of Yredelemnul.
  7369 | D:7      | Noticed Eustachio
  7421 | D:7      | Reached skill level 5 in Spellcasting
  7421 | D:7      | Reached XP level 9. HP: 56/74 MP: 16/21
  7536 | D:7      | Found a sand-covered staircase.
  7543 | Ossuary  | Entered an ossuary
  7895 | D:7      | Reached skill level 5 in Unarmed Combat
  7956 | D:7      | Killed Eustachio
  8061 | D:7      | Reached skill level 8 in Transmutations
  8126 | D:7      | Found an ancient bone altar of Kikubaaqudgha.
  8520 | D:8      | Noticed cribozai's ghost (experienced HuFi)
  9002 | D:8      | Reached XP level 10. HP: 56/84 MP: 18/23
  9140 | D:8      | Noticed Pikel
  9170 | D:8      | Killed Pikel
  9183 | D:8      | Found a sparkling altar of Nemelex Xobeh.
 10162 | D:9      | Noticed Duvessa
 10162 | D:9      | Noticed Dowan
 10168 | D:9      | Killed Duvessa
 10170 | D:9      | Killed Dowan
 10227 | D:9      | Noticed Erolcha
 10237 | D:9      | Killed Erolcha
 10237 | D:9      | Reached skill level 5 in Dodging
 10690 | D:9      | Noticed Blork the orc
 10699 | D:9      | Killed Blork the orc
 10887 | D:9      | Reached skill level 5 in Armour
 11083 | D:10     | Entered Level 10 of the Dungeon
 11195 | D:10     | Reached XP level 11. HP: 62/93 MP: 25/25
 11496 | D:10     | Reached skill level 5 in Fighting
 11560 | D:10     | Noticed an unseen horror
 11580 | D:10     | Killed an unseen horror
 11580 | D:10     | Reached skill level 9 in Transmutations
 12399 | D:10     | Noticed a hill giant
 12407 | D:10     | Killed a hill giant
 12758 | D:8      | Killed cribozai's ghost
 12970 | D:8      | Found Aquacin's Food Shop.
 13242 | D:11     | Found a bloodstained altar of Trog.
 13649 | D:11     | Noticed a death yak
 13871 | D:11     | HP: 1/96 [orange rat (15)]
 13871 | D:11     | Slain by an orange rat

Action                   |  1- 3 |  4- 6 |  7- 9 | 10-12 || total
-------------------------+-------+-------+-------+-------++-------
Melee: Dagger            |    17 |       |       |       ||    17
       Unarmed           |    99 |   125 |   406 |   419 ||  1049
 Cast: Beastly Appendage |    18 |     2 |       |       ||    20
       Spider Form       |     9 |    22 |    21 |    22 ||    74
       Blade Hands       |       |       |    42 |    29 ||    71
 Abil: Spit Poison       |    13 |    26 |    39 |    62 ||   140
       End Transformatio |       |       |       |     1 ||     1
Evoke: Wand              |       |       |     2 |       ||     2
  Use: Scroll            |       |     8 |     5 |     5 ||    18
       Potion            |       |       |       |     9 ||     9
 Stab: Sleeping          |     1 |       |     1 |       ||     2
  Eat: Chunk             |     6 |    10 |    27 |    20 ||    63
       Beef jerky        |       |       |     1 |     2 ||     3
       Meat ration       |       |       |     1 |     1 ||     2
